 Dungeon Crawl Stone Soup version 0.28-a0-309-gf6d37e6e1d (webtiles) character file.

Game seed: 5362174122733917193

1043 McIrco the Covered (level 8, -3/91 HPs)
             Began as a Human Fighter on Aug 30, 2021.
             Slain by an unseen horror (6 damage)
             ... on level 6 of the Dungeon.
             The game lasted 00:11:58 (6682 turns).

McIrco the Covered (Human Fighter)                  Turns: 6682, Time: 00:11:58

Health: -3/91      AC: 24    Str: 19    XL:     8   Next: 49%
Magic:  8/8        EV:  2    Int:  9    God:
Gold:   162        SH: 10    Dex: 18    Spells: 7/7 levels left

rFire   . . .      SeeInvis .   x - +2 short sword (speed)
rCold   . . .      Faith    .   c - +0 kite shield
rNeg    + + +      Spirit   .   (armour currently unavailable)
rPois   +          Reflect  .   (helmet currently unavailable)
rElec   .          Harm     .   (cloak currently unavailable)
rCorr   .          Rampage  .   (gloves currently unavailable)
Will    +....      NoTele   +   (boots currently unavailable)
Stlth   ++........              (no amulet)
HPRegen 0.25/turn               d - ring of willpower
MPRegen 0.11/turn               u - +6 ring of dexterity

@: tree-form, attractive
A: stationary, stasis, torment immunity, boosted hp
a: no special abilities


You were on level 6 of the Dungeon.
You were a tree.
You visited 1 branch of the dungeon, and saw 6 of its levels.

You collected 233 gold pieces.
You spent 71 gold pieces at shops.

Inventory:

Hand Weapons
 a - a +0 war axe
 x - a +2 short sword of speed (weapon)
Missiles
 B - 7 javelins (quivered)
Armour
 b - a +0 scale mail
 c - a +0 kite shield (worn)
 f - a +0 pair of boots (melded)
 h - a +0 cloak (melded)
 n - a +0 pair of gloves (melded)
 z - a +0 plate armour (melded)
Jewellery
 d - a ring of willpower (left branch)
 u - a +6 ring of dexterity (right branch)
 v - an amulet of reflection
Wands
 k - a wand of paralysis (4)
Scrolls
 e - a scroll of acquirement {unknown}
 g - a scroll of noise {unknown}
 i - 6 scrolls of identify {unknown}
 m - a scroll of teleportation
 o - 3 scrolls of fear {unknown}
 p - a scroll of torment {unknown}
 q - 2 scrolls of magic mapping
 t - 2 scrolls of enchant armour {unknown}
 y - 2 scrolls of amnesia {unknown}
 A - a scroll of fog {unknown}
Potions
 j - 2 potions of flight
 l - a potion of haste
 r - 2 potions of might
 s - a potion of lignification


   Skills:
 + Level 4.7 Fighting
 - Level 2.0 Axes
 * Level 7.7 Armour
 + Level 5.6 Shields


You had 7 spell levels left.
You didn't know any spells.
Your spell library contained the following spells:

 Spells                   Type           Power      Damage    Failure   Level
 Shock                    Conj/Air       0%         1d3       80%         1
 Slow                     Hex            0%         N/A       90%         2
 Confusing Touch          Hex            0%         N/A       99%         3
 Swiftness                Air            0%         N/A       99%         3
 Vampiric Draining        Necr           0%         2d6       99%         3
 Airstrike                Air            0%         N/A       100%        4


Dungeon Overview and Level Annotations

Branches:
Dungeon (6/15)
 Temple: D:4-7

Altars:

Shops:
D:1 ?   D:5 (

Annotations:
D:5 Dowan, Duvessa, Pikel


Message History

Something hits you.
* * * LOW HITPOINT WARNING * * *
You hit something.
Something hits you but does no damage. x2
Something hits you but does no damage.
Okay, then.
Unknown command.
Something hits you.
* * * LOW HITPOINT WARNING * * *
Something hits you.
* * * LOW HITPOINT WARNING * * *
Something hits you but does no damage. Something hits you.
* * * LOW HITPOINT WARNING * * *
Something hits you.
* * * LOW HITPOINT WARNING * * *
It was a potion of lignification.
You turn into a tree.
Your +0 cloak melds into your body.
Your +0 pair of gloves melds into your body.
Your +0 pair of boots melds into your body.
Your +0 plate armour melds into your body.
Your roots penetrate the ground.
Something hits you but does no damage. x2
Unknown command.
You hit something but do no damage. Something hits you but does no damage.
You swing at nothing.
Something hits you but does no damage.
You puncture something!
Something hits you but does no damage. x3
You closely miss something. Something hits you but does no damage.
You hit something. Something hits you but does no damage.
You miss something. Something hits you but does no damage.
You hit something. Something hits you.
* * * LOW HITPOINT WARNING * * *
You swing at nothing.
Something hits you but does no damage.
You swing at nothing.
You block something's attack.
You swing at nothing.
Something hits you but does no damage.
You swing at nothing.
You closely miss something. Something hits you but does no damage.
You swing at nothing.
Something hits you but does no damage.
It was a potion of attraction.
You feel attractive to monsters. Something hits you.
You die...

............# #... ...........##
##.# ##..|####...#### ### ####
###....## ##....# #### ####
###..# ##..## ##..## ##..# ##
#....## ##....#########..## ##.
##.##..# #.###.♣..........# #..
##.###..# #.# ###########.## #..
#.## #.## #.# ### #.# .## #.# #.#
#.# .# #.# ##.# #)# .## #.###..#
######### #.#
..####...#..#####......... ##.#
....###...................####..#
......##..###......###.........##


There were no monsters in sight!

Vanquished Creatures
  A steam dragon (D:6)
  A sky beast (D:5)
  A centaur (D:6)
  An ogre (D:6)
  2 lemures (D:5)
  A water moccasin zombie (D:4)
  A scorpion (D:4)
  A wyvern skeleton (D:5)
  A centaur zombie (D:6)
  A hound (D:2)
  A jelly (D:5)
  An orc priest (D:4)
  A bullfrog skeleton (D:6)
  An iguana (D:4)
  Terence (D:3)
  2 orc wizards (D:4)
  A hound zombie (D:3)
  4 gnolls (D:4)
  7 adders
  A shadow imp (D:6)
  A white imp (D:6)
  An adder skeleton (D:4)
  2 dart slugs
  10 orcs
  6 bats
  14 endoplasms
  2 giant cockroaches
  7 goblins
  8 hobgoblins
  3 jackals (D:3)
  5 quokkas
  6 ball pythons
  5 frilled lizards
  9 kobolds
  9 rats
119 creatures vanquished.

Notes
Turn   | Place    | Note
-------+----------+-------------------------------------------
     0 | D:1      | McIrco the Human Fighter began the quest for the Orb.
     0 | D:1      | Reached XP level 1. HP: 18/18 MP: 1/1
    23 | D:1      | Found Jibeguy's Magic Scroll Boutique.
   279 | D:1      | Reached XP level 2. HP: 24/24 MP: 2/2
   510 | D:1      | Reached XP level 3. HP: 29/29 MP: 3/3
   653 | D:1      | Bought a scroll of teleportation for 33 gold pieces
   688 | D:2      | Reached XP level 4. HP: 6/35 MP: 4/4
  1297 | D:2      | Found a faded altar of an unknown god.
  1415 | D:2      | Reached skill level 4 in Armour
  1712 | D:1      | Bought a scroll of magic mapping for 38 gold pieces
  2080 | D:3      | Reached XP level 5. HP: 42/42 MP: 5/5
  2206 | D:3      | Noticed Terence
  2213 | D:3      | Killed Terence
  2842 | D:4      | Reached skill level 5 in Armour
  2842 | D:4      | Reached XP level 6. HP: 47/48 MP: 6/6
  3279 | D:4      | Reached XP level 7. HP: 10/51 MP: 7/7
  4141 | D:4      | Reached skill level 6 in Armour
  4968 | D:5      | Entered Level 5 of the Dungeon
  4968 | D:5      | Found Weosiax's Antique Weapon Boutique.
  5119 | D:5      | Reached skill level 5 in Shields
  5486 | D:5      | Noticed Pikel
  5487 | D:5      | Noticed Duvessa
  5488 | D:5      | Noticed Dowan
  5654 | D:6      | Reached skill level 7 in Armour
  5654 | D:6      | Reached XP level 8. HP: 17/61 MP: 8/8
  6667 | D:6      | HP: 2/61 [something (4)]
  6675 | D:6      | HP: 1/91 [something (4)]
  6682 | D:6      | Slain by an unseen horror

Illustrated notes

Levels and vault maps discovered:
D:1:      roderic_chinese_lattice_arrival, layout_rooms, serial_shops, shop
D:2:      layout_loops_ring, ebering_ecumenical_altar_sacrificial
D:3:      minmay_general_purpose_star, layout_basic, minmay_vboxes, uniq_terence
D:4:      minmay_chambers_of_threes, layout_basic, lemuel_another_geyser
D:5:      layout_rooms, nicolae_stop_n_shop_2, uniq_duvessa, uniq_pikel
D:6:      layout_layer_cave

Skill      XL: |  1  2  3  4  5  6  7 |
---------------+----------------------+-----
Armour         | 4 5 7 |  7.7
Shields        | 4 5 |  5.6
Fighting       | 4 |  4.7
Axes           | |  2.0

Action                   |  1- 3 |  4- 6 |  7- 9 || total
-------------------------+-------+-------+-------++-------
Melee: War axe           |    58 |    83 |       ||   141
       Short sword       |       |   162 |   264 ||   426
Evoke: Wand              |       |     1 |     4 ||     5
  Use: Potion            |     1 |     6 |     2 ||     9
       Scroll            |       |     1 |     1 ||     2
 Stab: Paralysed         |       |       |     9 ||     9
Armor: Scale mail        |    38 |    49 |       ||    87
       Plate armour      |       |    67 |   148 ||   215
       Skin              |       |       |    14 ||    14
Dodge: Dodged            |    23 |    70 |    21 ||   114
Block: Kite shield       |    29 |   118 |   114 ||   261

Table legend: (Time is in decaauts)
 A = Elapsed time spent in this place.
 B = Non-inter-level travel time spent in this place.
 C = Inter-level travel time spent in this place.
 D = Time resting spent in this place.
 E = Time spent auto-exploring this place.
 F = Levels seen in this place.
 G = Mean time per level.
                   A        B        C        D        E       F      G
               +--------+--------+--------+--------+--------+-----+--------+
         Total |   6726 |   6517 |    209 |   1304 |   4014 |   6 | 1121.0 |
       Dungeon |   6726 |   6517 |    209 |   1304 |   4014 |   6 | 1121.0 |
               +--------+--------+--------+--------+--------+-----+--------+

Top non-repeatable levels by time:
     D:4: 2086 daAuts
     D:2: 1214 daAuts
     D:6: 1082 daAuts
     D:3: 1015 daAuts
     D:1: 709 daAuts
     D:5: 617 daAuts
